AoeStats
← Tanke88

Arabia

511031441Analyzed
1v1 RM · 8h ago on Oct 3, 2026· 22m 40s· 2 players
Game mode
Random Map
Map size
Tiny (2 player)
Population
200
Speed
Normal
Resources
Standard
Victory
Conquest
Starting age
Dark Age
Ending age
Imperial Age
RankedLock teamsTeams togetherTeam positionsShared explorationLock speedFull tech treeHidden civsTurbo modeCheats
Victory
Defeat
🇬🇧 Celts · United Kingdom
802
+15
🇲🇽 Spanish · Mexico
772
-15
Tanke88
6:30 Loom
11:31 Feudal Age
21:31 Double-Bit Axe
Rhubarb the Mighty
12:30 Feudal Age
12:33 Man-at-Arms
12:58 Arson
14:47 Scale Mail Armor
14:56 Loom
16:35 Forging
19:51 Double-Bit Axe
19:47 Horse Collar
23:48 Castle Age
Connection lost

Rejoining the realm…

Still unreachable

The connection could not be restored.

Session expired

The server has moved on; the page needs a fresh start.